 Dungeon Crawl Stone Soup version 0.30-a0-1164-ge08a67761e (webtiles) character file.

Game seed: 5982903451246193128

8 backslashecho the Sneak (level 2, 0/26 HPs)
             Began as a Meteoran Delver on Apr 29, 2023.
             Slain by a sleepcap (7 damage)
             ... on level 5 of the Dungeon.
             The game lasted 00:00:49 (93 turns).

backslashecho the Sneak (Meteoran Delver)             Turns: 93, Time: 00:00:50

Health: 0/26       AC:  3    Str: 13    XL:     2   Next: 29%
Magic:  3/3        EV: 12    Int: 11    God:
Gold:   0          SH:  0    Dex: 15    Spells: 1/1 levels left

rFire   . . .        a - +0 hand axe
rCold   . . .        (no shield)
rNeg    . . .        b - +0 leather armour
rPois   .            (no helmet)
rElec   .            (no cloak)
rCorr   .            (no gloves)
SInv    .            (no boots)
Will    .....        (no amulet)
Stlth   +            (no ring)
HPRegen 0.24/turn    (no ring)
MPRegen 0.08/turn

%: no passive effects
@: glowing
A: sense surroundings 1, otherworldly, glowing, explore regen
a: no special abilities


You were on level 5 of the Dungeon.
You visited 1 branch of the dungeon, and saw 1 of its levels.

Inventory:

Hand Weapons
 a - a +0 hand axe (weapon)
Armour
 b - a +0 leather armour (worn)
Wands
 g - a wand of digging (3)
Scrolls
 c - a scroll of fog
 d - a scroll of magic mapping
 e - a scroll of fear
Potions
 f - a potion of haste
 h - 3 potions of degeneration {unknown}
 i - a potion of berserk rage {unknown}
 j - a potion of brilliance {unknown}


   Skills:
 + Level 3.4 Fighting
 * Level 3.0 Axes
 - Level 2.4 Dodging
 - Level 3.7 Stealth
 + Level 0.8 Unarmed Combat


You had one spell level left.
You didn't know any spells.
Your spell library contained the following spells:

 Spells                   Type           Power      Damage    Failure   Level
 Cigotuvi's Dreadful Rot  Necr/Pois/Air  0%         N/A       56%         2
 Ignite Poison            Fire/Tmut/Pois 0%         N/A       80%         3
 Freezing Cloud           Conj/Ice/Air   0%         6-21      100%        5


Dungeon Overview and Level Annotations

Branches:
Dungeon (5/15) Zot: 504
 Temple: D:4-7

Altars:


Innate Abilities, Weirdness & Mutations

You passively map a small area around you.
You are easily found by Zot.
You glow in the dark.
You regain HP and MP as you explore.


Message History

Your Axes skill increases to level 3!
No target in view!
Items here: )))) †††.
No target in view!
Okay, then.
You start waiting.
HP restored.
Health restored: 26 Unknown command.
Found a short sword.
j - a smoky clear potion A sleepcap comes into view.
A gnoll comes into view. It is wielding a +0 club.
You hit the sleepcap but do no damage. The sleepcap releases spores at you.
You take 4 damage, and have 22/26 hp.
You hit the sleepcap but do no damage. The sleepcap releases spores at you.
You are engulfed in a cloud of soporific spores!
You fall asleep.
The sleepcap releases spores at you.
You wake up.
You take 7 damage, and have 15/26 hp.
MASSIVE DAMAGE!!
You hit the sleepcap but do no damage. The sleepcap barely misses you.
Unknown command.
Unknown command.
You hit the sleepcap.
The sleepcap is lightly damaged.
The sleepcap releases spores at you.
You are engulfed in a cloud of soporific spores!
You are unaffected.
You take 3 damage, and have 12/26 hp.
You hit the sleepcap.
The sleepcap is lightly damaged.
The sleepcap releases spores at you.
* * * LOW HITPOINT WARNING * * *
You take 5 damage, and have 7/26 hp.
You hit the sleepcap but do no damage.
The sleepcap is lightly damaged.
The sleepcap closely misses you.
Unknown command.
The sleepcap attacks as you move away! The sleepcap releases spores at you!
You die...

....######..##(#. **,
*#..............
#.>............ , , *
###...o.......... , ,
* +...####[........
+###)# #......... ,
.. #. #.# #.....###.
...###.###.# #.###.#
* #..........# #@# .#
#.#.###.#.## #f# # *,
#.......#.#####.###.#
#.................#
,,
###.......f.....###.#
....).....####### , *
.......#### * ,,
####.#.* , *#.#.


You could see a sleepcap.

Vanquished Creatures
  4 orcs (D:5)
4 creatures vanquished.

Notes
Turn   | Place    | Note
-------+----------+-------------------------------------------
     0 | D:5      | backslashecho the Meteoran Delver began the quest for the
                  | Orb.
     0 | D:5      | Reached XP level 1. HP: 19/19 MP: 2/2
    28 | D:5      | Reached XP level 2. HP: 21/26 MP: 3/3
    93 | D:5      | Slain by a sleepcap

Illustrated notes

Levels and vault maps discovered:
D:5:      layout_loops_ring, lemuel_doored_altar,
          minmay_temple_entry_sparse_star, uniq_crazy_yiuf_cottage

Skill      XL: |  1  2 |
---------------+-------+-----
Axes           | 3 |  3.0
Fighting       | |  3.4
Dodging        | |  2.4
Stealth        | |  3.7
Unarmed Combat | |  0.8

Action                     || total
---------------------------++-------
  Melee: Hand axe          ||    18
  Dodge: Dodged            ||     5

Table legend: (Time is in decaauts)
 A = Elapsed time spent in this place.
 B = Non-inter-level travel time spent in this place.
 C = Inter-level travel time spent in this place.
 D = Time resting spent in this place.
 E = Time spent auto-exploring this place.
 F = Levels seen in this place.
 G = Mean time per level.
                   A        B        C        D        E       F      G
               +--------+--------+--------+--------+--------+-----+--------+
         Total |     95 |     95 |      0 |     27 |      1 |   1 |   95.0 |
       Dungeon |     95 |     95 |      0 |     27 |      1 |   1 |   95.0 |
               +--------+--------+--------+--------+--------+-----+--------+

Top non-repeatable levels by time:
     D:5: 95 daAuts
